Map: 어스름 탑

Players

DarkHydra - Winner!

  • Race: Terran Terran
  • League: Grandmaster

SoulKey

  • Race: Zerg Zerg

Event: Gauntlet LotV Series 1 Qualifier 2

VOD

Have the link to the VOD?

Description

Time

  • Played on: Dec. 5, 2015, 3:08 p.m.
  • Length: 13:10

All games in this series

Show
View Real Time Build Order
Export as new Build Order

DarkHydra Terran - Winner!

Build Orders: Reaper Expand, MMM Bio 

Get SALT Encoding   

  12  0:00  SCV  
  13  0:13  SCV  
  14  0:18  Supply Depot  
  14  0:25  SCV  
  15  0:39  SCV  
  15  0:41  Barracks  
  16  0:43  Refinery  
  16  0:52  SCV  
  17  1:04  SCV  
  18  1:16  SCV  
  19  1:28  Orbital Command  
  19  1:29  Reaper  
  20  1:39  Command Center  
  20  1:50  Supply Depot  
  20  1:53  SCV  
  21  2:01  Marine  
  21  2:05  SCV  
  21  2:07  Factory  
  23  2:17  SCV, Refinery  
  24  2:24  Barracks Reactor  
  24  2:29  SCV  
  25  2:42  SCV  
  26  2:54  SCV  
  26  2:55  Orbital Command  
  26  2:56  Command Center  
  27  3:06  SCV  
  27  3:11  Hellion x2  
  32  3:17  Starport  
  32  3:18  SCV  
  33  3:20  Barracks Tech Lab  
  33  3:22  SCV  
  34  3:30  SCV  
  34  3:33  Widow Mine x2  
  37  3:34  SCV  
  37  3:40  Marine  
  41  3:42  SCV  
  41  3:45  Supply Depot  
  41  3:46  SCV  
  43  3:54  SCV  
  44  3:57  Medivac  
  46  4:07  SCV x2  
  46  4:09  Orbital Command  
  48  4:19  SCV x2  
  48  4:20  Liberator  
  50  4:31  SCV x2  
  51  4:33  Marine x2  
  51  4:35  Siege Tank  
  51  4:37  SCV  
  60  4:41  Refinery  
  60  4:42  Refinery  
  60  4:43  SCV x2  
  62  4:49  SCV  
  63  4:53  Barracks x2  
  63  4:55  SCV x2, Marine x2  
  63  4:57  Supply Depot  
  67  5:01  SCV  
  68  5:07  SCV  
  69  5:17  SCV  
  69  5:19  SCV  
  70  5:23  SCV  
  70  5:28  Marine x2  
  71  5:29  SCV, Engineering Bay  
  71  5:30  Engineering Bay, Starport Reactor  
  71  5:31  SCV  
  71  5:35  SCV  
  73  5:39  Siege Tank  
  73  5:41  Barracks Tech Lab x2  
  73  5:42  SCV  
  75  5:43  SCV  
  75  5:46  Barracks, Marine  
  75  5:48  Barracks  
  75  5:49  Barracks  
  77  5:51  Supply Depot  
  77  5:52  Supply Depot  
  77  5:53  Supply Depot  
  77  5:55  Marine  
  78  5:59  Combat Shields  
  78  6:00  Stimpack  
  78  6:02  Missile Turret x2  
  78  6:07  Missile Turret, Orbital Command  
  78  6:08  Missile Turret  
  78  6:14  Medivac  
  78  6:15  Medivac  
  82  6:19  Terran Infantry Weapons Level 1  
  82  6:20  Terran Infantry Armor Level 1  
  82  6:23  Marine x3  
  82  6:24  Marine  
  86  6:33  SCV x3  
  86  6:39  Marine x3  
  89  6:41  Marine x3  
  89  6:42  Marine  
  89  6:45  SCV  
  89  6:46  SCV x2  
  97  6:48  Missile Turret  
  96  6:57  SCV  
  96  6:59  Armory  
  97  7:02  Missile Turret  
  97  7:03  Marine  
  97  7:04  Missile Turret, Marine x6  
  97  7:07  Siege Tank  
  107  7:08  Missile Turret  
  107  7:10  Liberator x2  
  107  7:23  Command Center  
  107  7:26  Barracks Reactor x2, Barracks Tech Lab, Supply Depot  
  107  7:27  Supply Depot x2  
  113  7:30  SCV x3  
  116  7:40  Barracks Reactor  
  116  7:44  Marine  
  116  7:48  Supply Depot, Marine x3  
  116  7:49  Supply Depot  
  120  7:52  Marine  
  120  7:54  Missile Turret  
  121  8:02  Refinery, Marine  
  121  8:04  Refinery  
  122  8:05  Marine x3  
  122  8:10  Medivac x2, Terran Vehicle Weapons Level 1  
  129  8:15  Siege Tank  
  132  8:20  Marine  
  132  8:21  Marine x5  
  132  8:23  Marine x3  
  132  8:24  Terran Infantry Weapons Level 2, Terran Infantry Armor Level 2  
  141  8:40  SCV  
  141  8:41  SCV x2  
  144  8:43  Liberator  
  144  8:44  Liberator  
  133  8:52  Marine x7  
  133  8:53  SCV, Marine x2  
  148  9:03  Siege Tank  
  148  9:05  Barracks  
  148  9:06  Barracks  
  148  9:07  Barracks  
  148  9:09  Marine  
  151  9:10  Marine x8  
  155  9:27  Marine  
  155  9:28  Marine x2  
  158  9:32  Marine x2  
  158  9:33  Marine x4  
  138  9:43  Medivac  
  138  9:44  Medivac  
  138  9:45  Marine  
  142  9:46  Marine x2  
  135  9:53  Marine x2  
  135  9:54  Marine x4  
  135  10:01  Planetary Fortress, Siege Tank  
  135  10:03  Marine  
  135  10:04  Marine x2  
  135  10:11  Marine x2  
  135  10:12  Marine x4  
  138  10:18  Marine  
  138  10:19  Marine x2  
  138  10:20  Medivac x2  
  138  10:21  Marine x3  
  146  10:29  Marine x4  
  146  10:30  Marine x2  
  146  10:34  Siege Tank  
  155  10:36  Marine x2  
  155  10:37  Marine  
  155  10:39  SCV, Marine x3  
  155  10:40  SCV x3  
  165  10:47  Marine x6  
  171  10:50  Command Center  
  171  10:54  Marine  
  171  10:56  Terran Ship Weapons Level 1  
  172  10:57  Supply Depot  
  172  10:58  Supply Depot  
  172  11:03  Medivac  
  172  11:04  Medivac  
  152  11:18  Marine  
  152  11:20  Liberator x2  
  150  11:32  Marine x9  
  143  11:33  Marine x2  
  143  11:36  Marine  
  143  11:38  Siege Tank  
  153  11:49  Marine  
  153  11:50  Marine x10  
  150  11:54  Marine  
  150  11:59  Command Center  
  151  12:07  Marine  
  151  12:08  Marine x10  
  152  12:12  Marine  
  151  12:20  Medivac x2  
  150  12:25  Marine  
  150  12:26  Marine x9  
  160  12:39  Marine  
  160  12:40  Marine  
  160  12:43  Marine  
  160  12:44  Marine x7  
Show
View Real Time Build Order
Export as new Build Order

SoulKey Zerg 

Build Orders: Hatch First, Muta Ling Bane 

Get SALT Encoding   

  12  0:01  Drone  
  13  0:13  Overlord  
  13  0:18  Drone  
  14  0:33  Drone x2  
  16  0:36  Drone  
  17  0:54  Hatchery  
  17  0:55  Drone  
  17  0:59  Drone  
  18  1:09  Extractor  
  17  1:15  Spawning Pool  
  17  1:17  Drone  
  17  1:20  Drone  
  18  1:30  Drone  
  19  1:42  Overlord  
  19  2:02  Zergling x4, Queen  
  19  2:06  Drone, Queen  
  26  2:10  Metabolic Boost  
  26  2:17  Drone x2  
  28  2:26  Drone  
  29  2:31  Drone  
  30  2:38  Queen  
  30  2:40  Overlord  
  30  2:41  Queen  
  30  2:43  Extractor  
  32  2:46  Drone  
  32  2:50  Drone x2  
  36  3:01  Drone x2  
  38  3:08  Drone  
  38  3:12  Drone x3  
  42  3:13  Drone  
  42  3:19  Overlord  
  43  3:22  Lair  
  43  3:23  Drone  
  44  3:32  Spine Crawler  
  43  3:35  Drone  
  43  3:36  Extractor  
  43  3:37  Drone, Extractor  
  43  3:40  Drone x2  
  43  3:41  Drone, Extractor  
  45  3:44  Drone  
  46  3:49  Drone x4  
  46  3:51  Overlord  
  46  3:54  Drone x2  
  52  4:00  Baneling Nest  
  51  4:03  Overlord  
  51  4:07  Drone  
  52  4:11  Drone  
  52  4:12  Drone  
  52  4:16  Drone  
  55  4:19  Drone  
  55  4:23  Zergling x6  
  59  4:27  Spire  
  58  4:41  Drone  
  58  4:42  Drone  
  58  4:44  Hatchery  
  59  4:45  Overlord  
  59  4:46  Overlord  
  59  4:47  Overseer  
  59  4:53  Drone x3  
  59  4:55  Overlord  
  62  5:12  Spore Crawler  
  58  5:15  Overseer  
  58  5:16  Zergling x2  
  58  5:17  Zergling x4  
  61  5:23  Drone  
  61  5:24  Drone x2  
  59  5:31  Overlord  
  59  5:32  Drone  
  60  5:44  Mutalisk x6  
  72  5:52  Evolution Chamber  
  72  5:53  Evolution Chamber  
  72  5:55  Roach Warren  
  69  6:02  Drone x4  
  73  6:04  Drone x2  
  73  6:06  Drone  
  73  6:07  Drone  
  77  6:12  Zerg Flyer Weapons Level 1  
  77  6:14  Drone x2  
  79  6:20  Drone x3  
  79  6:21  Drone  
  79  6:25  Zerg Ground Armor Level 1  
  83  6:28  Zerg Missile Weapons Level 1  
  83  6:30  Overlord  
  83  6:34  Drone x2  
  83  6:37  Extractor x2  
  83  6:40  Drone x2  
  83  6:41  Drone x2  
  83  6:43  Overlord  
  83  6:44  Glial Reconstitution  
  83  6:46  Drone  
  88  6:47  Drone  
  88  6:53  Overlord  
  88  6:54  Drone x2  
  91  7:01  Hatchery  
  90  7:06  Drone  
  90  7:07  Drone x2  
  93  7:10  Overlord x2  
  93  7:13  Roach x2  
  93  7:14  Roach  
  101  7:15  Roach  
  101  7:22  Roach x3  
  107  7:23  Roach  
  109  7:30  Roach x5  
  119  7:37  Overlord  
  119  7:38  Overlord  
  119  7:43  Roach  
  119  7:44  Roach x3  
  127  7:53  Roach  
  127  7:54  Overlord x2  
  127  7:58  Ravager x7  
  131  7:59  Ravager x4  
  131  8:00  Ravager x2  
  131  8:01  Hatchery  
  131  8:05  Zergling x10  
  146  8:08  Centrifical Hooks  
  146  8:15  Zergling x12  
  146  8:16  Zergling x2  
  152  8:26  Zerg Ground Armor Level 2  
  152  8:27  Zerg Melee Weapons Level 1  
  152  8:28  Zergling x8  
  156  8:35  Zergling x14  
  156  8:38  Overlord  
  145  8:54  Zergling x14  
  143  8:58  Baneling x3  
  143  9:01  Roach x2  
  143  9:02  Baneling x2  
  147  9:03  Baneling x6  
  147  9:04  Baneling x3  
  147  9:06  Ravager, Zergling x16  
  156  9:16  Zergling x12  
  156  9:25  Zergling x10  
  156  9:30  Zerg Flyer Weapons Level 2  
  161  9:32  Drone x4  
  151  9:40  Drone x3  
  151  9:41  Drone x3  
  151  9:42  Drone x2  
  136  9:56  Mutalisk x8  
  134  10:13  Zergling x4  
  134  10:14  Zergling x22  
  119  10:23  Zergling x2  
  119  10:24  Zergling x18, Extractor x2  
  119  10:27  Zerg Melee Weapons Level 2  
  127  10:34  Baneling x7  
  127  10:39  Baneling x2  
  127  10:41  Roach x3  
  127  10:42  Roach x2  
  132  10:44  Hatchery  
  130  10:53  Baneling x4  
  136  10:57  Roach x7  
  137  11:08  Zergling x20  
  136  11:11  Baneling  
  136  11:12  Baneling x4  
  136  11:15  Zergling x2  
  136  11:16  Zergling x4  
  131  11:28  Zergling x2  
  131  11:29  Zergling x24  
  137  11:39  Mutalisk x4  
  144  11:45  Mutalisk x2  
  128  11:54  Zergling x12  
  128  11:55  Zergling x6  
  128  11:56  Baneling x3  
  128  11:57  Baneling  
  114  12:16  Zergling x22  
  114  12:20  Mutalisk  
  114  12:21  Mutalisk x3  
  123  12:29  Baneling x4  
  123  12:30  Baneling x6  
  123  12:31  Ravager x3  
  126  12:37  Mutalisk  
  126  12:39  Zergling x14  
  127  12:53  Hatchery  
Tags
 
Add a new tag
Caveats
  • Supply blocks, unpowered buildings, or Contaminate may cause inaccurate times.
  • Supply counts are checked every 10 seconds.